 Dungeon Crawl Stone Soup version 0.31-a0-154-g56bf346678 (webtiles) character file.

Game seed: 12432459720015011795

0 mopl the Vexing (level 1, 0/10 HPs)
             Began as a Deep Elf Enchanter on June 11, 2023.
             Slain by a bat (1 damage)
             ... on level 1 of the Dungeon.
             The game lasted 00:00:09 (24 turns).

mopl the Vexing (Deep Elf Enchanter)                  Turns: 24, Time: 00:00:10

Health: 0/10       AC:  2    Str:  5    XL:     1   Next: 8%
Magic:  6/6        EV: 12    Int: 19    God:
Gold:   0          SH:  0    Dex: 15    Spells: 6/6 levels left

rFire   . . .        a - +1 dagger
rCold   . . .        (no shield)
rNeg    . . .        b - +0 robe
rPois   .            (no helmet)
rElec   .            (no cloak)
rCorr   .            (no gloves)
SInv    .            (no boots)
Will    .....        (no amulet)
Stlth   ++           (no ring)
HPRegen 0.21/turn    (no ring)
MPRegen 0.10/turn

%: no passive effects
@: no status effects
A: no striking features
a: no special abilities


You were on level 1 of the Dungeon.
You visited 1 branch of the dungeon, and saw 1 of its levels.

Inventory:

Hand Weapons
 a - a +1 dagger (weapon)
Armour
 b - a +0 robe (worn)
Potions
 c - 2 potions of invisibility


   Skills:
 + Level 0.0 Fighting
 + Level 1.0 Short Blades
 - Level 2.4 Dodging
 + Level 3.6 Stealth
 + Level 3.0 Spellcasting
 + Level 4.0 Hexes


You had 6 spell levels left.
You didn't know any spells.
Your spell library contained the following spells:

 Spells                   Type           Power      Damage    Failure   Level
 Confusing Touch          Hex            18%        N/A       9%          3
 Tukima's Dance           Hex            18%        N/A       9%          3
 Ensorcelled Hibernation  Hex/Ice        20%        N/A       10%         2
 Dazzling Flash           Conj/Hex       20%        N/A       21%         3


Dungeon Overview and Level Annotations

Branches:
Dungeon (1/15)

Altars:


Message History

The ball python closely misses you. The ball python grabs you.
The ball python constricts you.
The ball python bites you but does no damage.
The ball python constricts you.
You hit the ball python.
The ball python is severely wounded.
The bat hits you. The ball python bites you. The ball python constricts you.
Your unstable footing causes you to fumble your attack.
The bat hits you but does no damage. The bat barely misses you.
The ball python barely misses you. The ball python constricts you.
You escape the ball python's grasp.
The bat attacks as you move away! The bat misses you.
The bat barely misses you. The bat closely misses you.
The ball python closely misses you. The ball python grabs you.
The ball python constricts you.
You barely miss the ball python.
The ball python is severely wounded.
The bat barely misses you. The ball python bites you.
The ball python constricts you.
* * * LOW HITPOINT WARNING * * *
Unknown command.
You closely miss the ball python.
The ball python is severely wounded.
The bat hits you.
* * * LOW HITPOINT WARNING * * *
The ball python closely misses you. The ball python constricts you.
* * * LOW HITPOINT WARNING * * *
Unknown command.
You escape the ball python's grasp.
Unknown command.
The bat misses you.
You closely miss the ball python.
The ball python is severely wounded.
The bat hits you.
* * * LOW HITPOINT WARNING * * *
The ball python closely misses you. The ball python misses you.
You hit the ball python.
You kill the ball python!
The bat misses you.
You miss the bat. The bat hits you.
You die...

≈≈≈##...##≈≈≈≈≈≈
≈≈≈≈~##'##~≈≈≈≈≈≈
≈≈≈≈~~...~~≈≈≈≈≈≈
≈≈≈≈~~....~~≈≈~~#
≈≈≈≈≈~~...~~~≈~##
≈≈≈≈≈~~....~~~.#
≈≈~≈~~~........+
≈~~~~~.........#
##~~...@....~~~#
##....b.~~~~~~≈
#.....~~~~≈≈≈≈
+....~~≈≈≈≈≈≈≈
#....~~≈≈≈≈≈≈≈
#.....≈≈≈≈≈≈≈≈
#....~~~≈≈≈≈≈~≈
~~....~~~≈≈≈≈≈~~
~~.....~~~~~~~~~


You could see a bat.

Vanquished Creatures
  A ball python (D:1)
1 creature vanquished.

Notes
Turn   | Place    | Note
-------+----------+-------------------------------------------
     0 | D:1      | mopl the Deep Elf Enchanter began the quest for the Orb.
     0 | D:1      | Reached XP level 1. HP: 10/10 MP: 6/6
    24 | D:1      | Slain by a bat

Illustrated notes

Levels and vault maps discovered:
D:1:      minmay_arrival_shoal_huts, layout_basic, serial_shops, shop, shop

Action                     || total
---------------------------++-------
  Melee: Dagger            ||     7
 Armour: Robe              ||     2
  Dodge: Dodged            ||    13

Table legend: (Time is in decaauts)
 A = Elapsed time spent in this place.
 B = Non-inter-level travel time spent in this place.
 C = Inter-level travel time spent in this place.
 D = Time resting spent in this place.
 E = Time spent auto-exploring this place.
 F = Levels seen in this place.
 G = Mean time per level.
                   A        B        C        D        E       F      G
               +--------+--------+--------+--------+--------+-----+--------+
         Total |     25 |     25 |      0 |      0 |      9 |   1 |   25.0 |
       Dungeon |     25 |     25 |      0 |      0 |      9 |   1 |   25.0 |
               +--------+--------+--------+--------+--------+-----+--------+

Top non-repeatable levels by time:
     D:1: 25 daAuts
